 Dungeon Crawl Stone Soup version 0.29-a0-998-g1987434951 (webtiles) character file.

Game seed: 9871521852216039304

72 siradein the Ducker (level 4, 0/36 HPs)
             Began as a Spriggan Berserker on Aug 5, 2022.
             Was a Believer of Trog.
             Succumbed to an adder's poison
             ... on level 3 of the Dungeon.
             The game lasted 00:02:51 (2706 turns).

siradein the Ducker (Spriggan Berserker)            Turns: 2706, Time: 00:02:52

Health: 0/36       AC:  3    Str: 13    XL:     4   Next: 7%
Magic:  5/5        EV: 19    Int:  8    God:    Trog [**....]
Gold:   69         SH:  0    Dex: 16    Spells: 3/3 levels left

rFire   . . .      SeeInvis +   a - +0 short sword
rCold   . . .      Faith    .   (no shield)
rNeg    . . .      Spirit   .   b - +0 animal skin
rPois   .          Reflect  .   (helmet restricted)
rElec   .          Harm     .   n - +0 cloak
rCorr   .          Rampage  .   (gloves unavailable)
Will    .....                   (boots unavailable)
Stlth   ..........              (no amulet)
HPRegen 0.12/turn               (no ring)
MPRegen 0.09/turn               (no ring)

@: berserking (expiring), lethally poisoned (0 -> -4), very quick
A: very small, no large weapons, unfitting armour, see invisible, speed 3
a: Renounce Religion, Berserk, Trog's Hand


You were on level 3 of the Dungeon.
You worshipped Trog.
Trog was pleased with you.
You visited 1 branch of the dungeon, and saw 3 of its levels.

You collected 69 gold pieces.

Inventory:

Hand Weapons
 a - a +0 short sword (weapon)
Missiles
 l - 3 curare-tipped darts (quivered)
Armour
 b - a +0 animal skin (worn)
 n - a +0 cloak (worn)
Scrolls
 d - 3 scrolls of magic mapping {unknown}
 e - a scroll of immolation {unknown}
 f - a scroll of identify {unknown}
 g - 3 scrolls of teleportation {unknown}
 m - a scroll of blinking {unknown}
Potions
 c - a potion of ambrosia {unknown}
 h - a potion of attraction {unknown}
 i - 2 potions of might {unknown}
 j - a potion of resistance {unknown}
 k - a potion of heal wounds {unknown}


   Skills:
 + Level 3.1 Fighting
 + Level 4.1 Short Blades
 + Level 5.0 Dodging


You had 3 spell levels left.
You didn't know any spells.
Your spell library was empty.

Dungeon Overview and Level Annotations

Branches:
Dungeon (3/15)

Altars:


Innate Abilities, Weirdness & Mutations

You are very small and have problems with some larger weapons.
You are too small for most types of armour.
You have supernaturally acute eyesight. (SInv)
You cover ground extremely quickly. (Speed+++)


Message History

You feel yourself moving faster!
You feel mighty!
You feel sick. The adder completely misses you.
The adder bites you but does no damage.
You are too injured to fight recklessly!
You are too injured to fight recklessly!
You are too injured to fight recklessly!
You barely miss the adder.
The adder is moderately wounded.
You barely miss the adder.
The adder is moderately wounded.
You feel sick. The adder misses you. The rat closely misses you.
You completely miss the adder.
The adder is moderately wounded.
You feel sick. The adder bites you.
You are more poisoned.
The adder poisons you!
You hit the adder.
The adder is almost dead.
You feel sick. The rat barely misses you. The adder misses you.
You barely miss the adder.
The adder is almost dead.
You feel sick. The adder closely misses you.
You barely miss the adder.
The adder is almost dead.
You feel sick. The rat bites you.
* * * LOW HITPOINT WARNING * * *
You puncture the adder!
You kill the adder!
Trog accepts your kill.
* * * LOW HITPOINT WARNING * * *
You feel sick. The rat bites you.
* * * LOW HITPOINT WARNING * * *
Your Dodging skill increases to level 5!
You have reached level 4!
You hit the rat.
You kill the rat!
Trog accepts your kill.
* * * LOW HITPOINT WARNING * * *
You feel sick.
You feel a strong urge to attack something.
You die...

.... |...
)....
#####.....
#.........
+.........
#.....(...
#<@...#
#.....#
+.......#
#.........
######....
.... ...
..


There were no monsters in sight!

Vanquished Creatures
  3 adders
  A dart slug (D:1)
  3 endoplasms (D:1)
  A giant cockroach (D:1)
  A goblin (D:1)
  3 hobgoblins
  9 jackals
  2 quokkas (D:2)
  2 ball pythons (D:1)
  3 bats
  A frilled lizard (D:1)
  5 kobolds
  5 rats
39 creatures vanquished.

Notes
Turn   | Place    | Note
-------+----------+-------------------------------------------
     0 | D:1      | siradein the Spriggan Berserker began the quest for the
                  | Orb.
     0 | D:1      | Reached XP level 1. HP: 11/11 MP: 2/2
   883 | D:1      | Reached XP level 2. HP: 16/16 MP: 3/3
  1691 | D:2      | Reached XP level 3. HP: 8/19 MP: 4/4
  1954 | D:2      | Found a faded altar of an unknown god.
  2136 | D:2      | Reached ** piety under Trog
  2703 | D:3      | HP: 1/30 [rat (3)]
  2704 | D:3      | Reached skill level 5 in Dodging
  2704 | D:3      | Reached XP level 4. HP: 2/24 MP: 5/5
  2706 | D:3      | Succumbed to an adder's poison

Illustrated notes

Levels and vault maps discovered:
D:1:      dpeg_arrival_three_smaller_balls, layout_basic,
          kennysheep_minor_cross, hex_large
D:2:      layout_loops_cross, basic_ecumenical_altar
D:3:      layout_basic, serial_shops, shop

Skill      XL: |  1  2  3 |
---------------+----------+-----
Fighting       | 3 |  3.1
Short Blades   | 4 |  4.1
Dodging        | 5 |  5.0

Action                   |  1- 3 |  4- 6 || total
-------------------------+-------+-------++-------
Melee: Short sword       |   168 |     1 ||   169
       Punch             |     1 |       ||     1
Invok: Berserk           |     3 |       ||     3
 Stab: Sleeping          |     4 |       ||     4
Armor: Animal skin       |    13 |       ||    13
Dodge: Dodged            |   136 |       ||   136

Table legend: (Time is in decaauts)
 A = Elapsed time spent in this place.
 B = Non-inter-level travel time spent in this place.
 C = Inter-level travel time spent in this place.
 D = Time resting spent in this place.
 E = Time spent auto-exploring this place.
 F = Levels seen in this place.
 G = Mean time per level.
                   A        B        C        D        E       F      G
               +--------+--------+--------+--------+--------+-----+--------+
         Total |   2257 |   2204 |     53 |      0 |   1937 |   3 |  752.3 |
       Dungeon |   2257 |   2204 |     53 |      0 |   1937 |   3 |  752.3 |
               +--------+--------+--------+--------+--------+-----+--------+

Top non-repeatable levels by time:
     D:1: 1487 daAuts
     D:2: 757 daAuts
     D:3: 13 daAuts
